 Dungeon Crawl Stone Soup version 0.29.1-2-gbd0b4ee654 (webtiles) character file.

Game seed: 5896398066258571864

269610 adizb the Tortoise (level 19, -4/184 HPs)
             Began as a Minotaur Fighter on Oct 25, 2022.
             Was the Champion of Okawaru.
             Slain by a rockslime (12 damage)
             ... on level 3 of the Pits of Slime.
             The game lasted 02:49:01 (22001 turns).

adizb the Tortoise (Minotaur Fighter)              Turns: 22001, Time: 02:49:01

Health: -4/184     AC: 18    Str: 37    XL:     19   Next: 40%
Magic:  26/26      EV: 12    Int:  2    God:    Okawaru [******]
Gold:   4311       SH: 20    Dex: 13    Spells: 18/18 levels left

rFire   + + +      SeeInvis +   G - +7 morningstar (protect)
rCold   + + .      Faith    .   N - +4 kite shield of the Turtle {rF+ rN+ SInv}
rNeg    + + +      Spirit   .   j - +5 plate armour
rPois   +          Reflect  .   o - +0 hat of the Bells {rN++ Will- Regen+ Int+3}
rElec   +          Harm     .   y - +2 cloak
rCorr   +          Rampage  .   s - +0 pair of gloves of Rotation {rElec rCorr Str+3}
Will    ++...                   U - +2 pair of boots {Fly}
Stlth   ..........              O - amulet of Uruufet {RegenMP Str+4 Dex+4}
HPRegen 1.20/turn               Y - ring "Annav" {rF+ Will++ Int-2}
MPRegen 0.60/turn               p - ring of the Octopus King {rC+ HP+2 AC+2 EV+2 SH+2}

@: resistant, corroded, flying, studying 2 skills
A: horns 2, retaliatory headbutt, deformed body, dopey 2, inability to read
after injury 1
}: 2/15 runes: decaying, gossamer
a: Renounce Religion, Heroism, Finesse, Duel


You were on level 3 of the Pits of Slime.
You worshipped Okawaru.
Okawaru was exalted by your worship.
You visited 7 branches of the dungeon, and saw 34 of its levels.
You also visited: Gauntlet and Ice Cave.

You collected 4605 gold pieces.
You spent 294 gold pieces at shops.

Inventory:

Hand Weapons
 G - a +7 morningstar of protection (weapon)
Missiles
 g - 2 curare-tipped darts
 h - 8 javelins
 l - 5 boomerangs (quivered)
 z - 10 silver javelins
 F - 2 boomerangs of dispersal
 I - a throwing net
 J - 11 atropa-tipped darts
Armour
 j - a +5 plate armour (worn)
 o - the +0 hat of the Bells (worn) {rN++ Will- Regen+ Int+3}
   (You acquired it on level 3 of the Dungeon)

   Int:       It affects your intelligence (+3).
   rN:        It greatly protects you from negative energy.
   Regen:     It increases your rate of health regeneration.
   Will:      It decreases your willpower.
 s - the +0 pair of gloves of Rotation (worn) {rElec rCorr Str+3}
   (You found it on level 4 of the Spider Nest)

   Str:       It affects your strength (+3).
   rElec:     It insulates you from electricity.
   rCorr:     It protects you from acid and corrosion.
 y - a +2 cloak (worn)
 K - the +2 pair of gloves of Nofeboc {Will- Str+9 Int+4 Stlth+}
   (Okawaru gifted it to you on level 11 of the Dungeon)

   Str:       It affects your strength (+9).
   Int:       It affects your intelligence (+4).
   Will:      It decreases your willpower.
   Stlth:     It makes you more stealthy.
 N - the +4 kite shield of the Turtle (worn) {rF+ rN+ SInv}
   (Okawaru gifted it to you on level 12 of the Dungeon)

   rF:        It protects you from fire.
   rN:        It protects you from negative energy.
   SInv:      It lets you see invisible.
 S - the +1 pair of gloves of the Snail {-Cast Str+5 SInv}
   (Okawaru gifted it to you on level 15 of the Dungeon)

   Str:       It affects your strength (+5).
   SInv:      It lets you see invisible.
   -Cast:     It prevents spellcasting.
 U - a +2 pair of boots of flying (worn)
Jewellery
 k - a +6 ring of strength
 p - a ring of the Octopus King (right hand) {rC+ HP+2 AC+2 EV+2 SH+2}
   (You acquired it on level 3 of the Swamp)

   [ring of protection from cold]

   AC:        It affects your AC (+2).
   EV:        It affects your evasion (+2).
   rC:        It protects you from cold.
   HP:        It affects your health (+2).
   SH:        It affects your SH (+2).
 H - the ring "Coysch" {Drain rC+++ Int+6}
   (You found it in a Gauntlet)

   [ring of intelligence]

   Int:       It affects your intelligence (+6).
   rC:        It renders you almost immune to cold.
   Drain:     It drains your maximum health when unequipped.
 O - the amulet of Uruufet (around neck) {RegenMP Str+4 Dex+4}
   (You found it in a Gauntlet)

   [amulet of magic regeneration]

   It increases your rate of magic regeneration.
   Str:       It affects your strength (+4).
   Dex:       It affects your dexterity (+4).
 R - an amulet of regeneration
 T - a ring of poison resistance
 Y - the ring "Annav" (left hand) {rF+ Will++ Int-2}
   (You acquired it on level 3 of the Lair of Beasts)

   [ring of protection from fire]

   Int:       It affects your intelligence (-2).
   rF:        It protects you from fire.
   Will:      It greatly increases your willpower.
Wands
 a - a wand of polymorph (12)
 c - a wand of light (13)
 n - a wand of paralysis (52)
 t - a wand of digging (19)
 D - a wand of mindburst (26)
 M - a wand of roots (27)
Scrolls
 q - 4 scrolls of fear
 r - 7 scrolls of amnesia
 u - 7 scrolls of poison
 v - 7 scrolls of magic mapping
 A - 11 scrolls of teleportation
 C - 2 scrolls of identify
 Q - a scroll of enchant weapon
 V - a scroll of silence
 W - a scroll of brand weapon
Potions
 b - 2 potions of resistance
 d - 6 potions of might
 e - 8 potions of flight
 f - 2 potions of berserk rage
 m - a potion of curing
 w - 3 potions of invisibility
 x - 3 potions of cancellation
 E - 11 potions of haste
 P - 4 potions of lignification
 X - 4 potions of ambrosia
 Z - a potion of mutation
Miscellaneous
 B - a tin of tremorstones (inert)


   Skills:
 + Level 19.1 Fighting
 * Level 17.0 Maces & Flails
 - Level 11.0 Throwing
 + Level 19.1 Armour
 - Level 5.0 Dodging
 + Level 18.7 Shields
 - Level 10.9 Invocations
 - Level 3.0 Evocations


You had 18 spell levels left.
You didn't know any spells.
Your spell library contained the following spells:

 Spells                   Type           Power      Damage    Failure   Level
 Magic Dart               Conj           0%         1d3       97%         1
 Shock                    Conj/Air       0%         1d3       97%         1
 Slow                     Hex            0%         N/A       97%         1
 Searing Ray              Conj           0%         2d4       99%         2
 Static Discharge         Conj/Air       0%         3-3/arc   99%         2
 Confusing Touch          Hex            0%         N/A       100%        3
 Dazzling Flash           Conj/Hex       0%         N/A       100%        3
 Frozen Ramparts          Ice            0%         1d1       100%        3
 Ozocubu's Armour         Ice            0%         N/A       100%        3
 Vampiric Draining        Necr           0%         2d6       100%        3
 Anguish                  Hex/Necr       0%         N/A       100%        4
 Corpse Rot               Necr/Pois/Air  0%         N/A       100%        4
 Dispel Undead            Necr           0%         3d6       100%        4
 Fulminant Prism          Conj/Hex       0%         3d6       100%        4
 Ice Form                 Ice/Tmut       0%         N/A       100%        4
 Iskenderun's Mystic Bla  Conj/Tloc      0%         2d3       100%        4
 Olgreb's Toxic Radiance  Pois           0%         N/A       100%        4
 Passage of Golubria      Tloc           0%         N/A       100%        4
 Petrify                  Tmut/Erth      0%         N/A       100%        4
 Lightning Bolt           Conj/Air       0%         1d11      100%        5
 Manifold Assault         Tloc           0%         N/A       100%        5
 Metabolic Englaciation   Hex/Ice        0%         N/A       100%        5
 Silence                  Hex/Air        0%         N/A       100%        5
 Starburst                Conj/Fire      0%         6d3       100%        6
 Statue Form              Tmut/Erth      0%         N/A       100%        6
 Enfeeble                 Hex            0%         N/A       100%        7
 Ozocubu's Refrigeration  Ice            0%         4d7       100%        7
 Ignition                 Fire           0%         3d3       100%        8
 Lehudib's Crystal Spear  Conj/Erth      0%         10d2      100%        8
 Maxwell's Capacitive Co  Air            0%         ∞         100%        8
 Tukima's Dance           Hex            Unusable   N/A       N/A         3
 Summon Ice Beast         Ice/Summ       Unusable   N/A       N/A         4
 Death Channel            Necr           Unusable   N/A       N/A         6
 Simulacrum               Ice/Necr       Unusable   N/A       N/A         6

Dungeon Overview and Level Annotations

Branches:
Dungeon (15/15)            Temple (1/1) D:7            Lair (5/5) D:11
  Swamp (4/4) Lair:2       Spider (4/4) Lair:2        Slime (3/5) Lair:4
    Orc (2/2) D:11            Elf (0/3) Orc:2        Vaults (0/5) D:14
 Depths (0/4) D:15          IceCv (visited)         Gauntlet (visited)

Altars:
Ashenzari
Cheibriados
Dithmenos
Elyvilon
Fedhas
Gozag
Hepliaklqana
Kikubaaqudgha
Makhleb
Nemelex Xobeh
Okawaru
Qazlal
Ru
Sif Muna
Trog
Uskayaw
Vehumet
Wu Jian
Xom
Yredelemnul
Zin
The Shining One
Jiyva

Shops:
D:13 [   Orc:1 [   Orc:2 :[[?

Portals:
Abyss: Lair:4

Annotations:
Slime:1 Dissolution


Innate Abilities, Weirdness & Mutations

You have a pair of horns on your head.
You reflexively headbutt those who attack you in melee.
Armour fits poorly on your strangely shaped body.
You are very dopey. (Int -4)
You occasionally lose the ability to read scrolls when taking damage.


Message History

* * * LOW HITPOINT WARNING * * *
The acid corrodes you!
You are splashed with acid.
You resist.
* * * LOW HITPOINT WARNING * * *
Dissolution says, "We come from slime, we turn to slime."
Dissolution hits you but does no damage. x2
The golden eye blinks at you. You resist with almost no effort.
The floating eye gazes piercingly through you!
You shrug off the repeated paralysis!
Dissolution barely misses you.
Dissolution hits you but does no damage.
The golden eye blinks!
The floating eye's stare focuses on you.
Dissolution hits you but does no damage. x2
You can move again.
Blink to where?
Press: ? - help, Dir - move target
As you read the scroll of blinking, it crumbles to dust.
The golden eye blinks!
The golden eye blinks at you. You resist with almost no effort.
The golden eye blinks! x2
You fly downwards.
The acid blob spits acid at you. The splash of acid hits you! You resist.
* * * LOW HITPOINT WARNING * * *
The acid corrodes you!
There is a stone staircase leading up here.
Okay, then.
You feel better.
There is a stone staircase leading down here.
You can't go up here!
The acid blob spits acid at you. The splash of acid hits you! You resist.
* * * LOW HITPOINT WARNING * * *
You fly downwards.
The azure jelly quivers.
The rockslime quivers.
Found a stone staircase leading up and a stone staircase leading down.
There is a stone staircase leading up here.
The rockslime hits you!
You die...

.......... ..
#.#. .... .#
#......>. ..##
..... ... ....#
........##....#
......#......#
......J.....#.#
.......@.......
...............
...............
.........#...<.
#......J..#....
#..............
..........# ##.
#...#......


You could see an azure jelly and a rockslime.

Vanquished Creatures
  Frances (Spider:1)
  Kirke (Lair:4)
  The ghost of Godmorgon the Bludgeoner, an adept FoAK of Lugonu (Swamp:2)
  2 azure jellies
  4 emperor scorpions
  4 fenstrider witches
  3 ghost moths (Spider:4)
  8 broodmothers
  4 eleionomae
  3 entropy weavers (Spider:4)
  The ghost of miserystealer the Thaumaturge, a journeyman GnWr of Lugonu (D:14)
  Azrael (Spider:1)
  11 bunyips
  A minotaur (Gauntlet)
  2 spark wasps (Spider:4)
  The ghost of HunfridMar the Eclecticist, a journeyman DECj of Vehumet (Lair:4)
  An ettin (Orc:1)
  A shambling mangrove (Swamp:3)
  13 hydras
  5 boulder beetles
  2 ogre magi (Orc:2)
  3 ice dragons (Swamp:4)
  3 centaur warriors
  A radroach (Spider:1)
  3 catoblepae (Lair:5)
  9 alligators
  15 two-headed ogres
  3 tengu warriors (D:14)
  A vampire mage (D:15)
  10 death yaks
  A hell hog (Lair:4)
  Nergalle (D:11)
  6 skeletal warriors
  Amaemon (D:11)
  6 goliath frogs
  3 spriggan druids
  4 steelbarb worms
  4 pharaoh ants
  2 swamp dragons
  10 orb spiders
  Pikel (D:8)
  2 deep trolls
  2 glowing orange brains
  4 lindwurms (D:15)
  2 bog bodies (Swamp:3)
  2 necromancers
  2 wizards
  6 wolf spiders
  27 ugly things
  3 orc knights
  2 orc sorcerers
  14 cyclopes
  A tengu skeleton (D:15)
  5 moths of wrath
  7 manticores
  2 deep elf pyromancers (D:12)
  3 will-o-the-wisps
  A fire giant zombie (D:15)
  A worldbinder (Lair:4)
  A rust devil (Lair:4)
  5 black mambas
  Maurice (D:13)
  5 elephants (Lair:5)
  2 torpor snails (Spider:1)
  3 ice statues (IceCv)
  A gargoyle (D:12)
  Maggie (D:7)
  An orange demon (D:11)
  6 komodo dragons
  2 yaktaurs (D:12)
  An unseen horror (D:12)
  Psyche (D:11)
  9 cane toads
  5 freezing wraiths
  13 demonic crawlers
  3 rime drakes
  An efreet (D:15)
  An anaconda simulacrum (IceCv)
  A guardian mummy (D:15)
  5 tengu conjurers
  3 meliai (D:13)
  14 trolls
  5 polar bears
  7 hornets
  4 tyrant leeches
  A polar bear (shapeshifter) (D:14)
  29 slime creatures
  A wolf spider simulacrum (D:15)
  A tarantella (shapeshifter) (D:14)
  13 tarantellas
  An ettin zombie (D:15)
  15 dream sheep
  13 blink frogs
  A spriggan zombie (D:15)
  13 culicivoras
  2 shadows
  24 jumping spiders
  7 spriggans
  69 yaks
  A vampire (D:11)
  5 wyverns
  5 wraiths
  2 fire elementals (Spider:1)
  4 hogs (Lair:5)
  A human (Lair:4)
  22 redbacks
  2 steam dragons
  3 death yak simulacra (IceCv)
  4 swamp worm simulacra (Swamp:4)
  8 basilisks
  3 wargs
  14 vampire mosquitoes
  9 swamp worms
  A harpy simulacrum (IceCv)
  4 acid dragons
  13 water moccasins
  12 hydra simulacra (Swamp:4)
  5 hell hounds (Spider:1)
  A swamp drake (Swamp:3)
  8 orc warriors
  An ice beast (shapeshifter) (D:12)
  4 ice beasts
  2 sky beasts (D:8)
  4 black bears
  21 ogres
  28 wolves
  4 boggarts (D:15)
  11 centaurs
  3 lemures (D:8)
  2 phantoms (D:4)
  A kobold brigand (D:11)
  16 bullfrogs
  A necrophage (D:7)
  5 scorpions
  A cane toad simulacrum (IceCv)
  A gnoll sergeant (D:10)
  15 wights
  11 killer bees
  An elephant simulacrum (IceCv)
  7 howler monkeys
  13 orc priests
  4 hounds
  4 jellies
  A gnoll bouda (D:8)
  An iguana (D:5)
  Ijyb (D:3)
  Terence (D:3)
  9 orc wizards
  4 hell rats (Lair:5)
  A polar bear simulacrum (IceCv)
  A boggart simulacrum (D:14)
  18 gnolls
  6 adders
  3 white imps
  An ufetubus (D:4)
  4 swamp drake simulacra (Swamp:4)
  5 worms
  A dart slug (D:1)
  46 orcs
  13 ball pythons
  6 bats
  5 endoplasms
  3 giant cockroaches
  7 goblins
  8 hobgoblins
  8 jackals
  15 kobolds
  4 quokkas
  6 frilled lizards
  9 rats
  A bush (D:11)
1009 creatures vanquished.

Vanquished Creatures (others)
  An alligator (Swamp:4)
  A death yak (Lair:5)
  A bullfrog (D:7)
  An orc priest (D:7)
  An ufetubus (D:7)
  An orc (D:7)
  18 foxfires
  39 fungi
  67 plants
130 creatures vanquished.

Grand Total: 1139 creatures vanquished

Notes
Turn   | Place    | Note
-------+----------+-------------------------------------------
     0 | D:1      | adizb the Minotaur Fighter began the quest for the Orb.
     0 | D:1      | Reached XP level 1. HP: 19/19 MP: 0/0
    52 | D:1      | Got the Quarto of the Voyage and Ensorcelling
   114 | D:1      | Reached XP level 2. HP: 21/27 MP: 1/1
   531 | D:1      | Reached XP level 3. HP: 33/33 MP: 2/2
  1023 | D:2      | Reached XP level 4. HP: 39/41 MP: 3/3
  1257 | D:3      | Found an opulent altar of Gozag.
  1283 | D:3      | Reached skill level 5 in Armour
  1339 | D:3      | Reached XP level 5. HP: 45/47 MP: 4/4
  1377 | D:3      | Reached skill level 5 in Fighting
  1584 | D:3      | Noticed Ijyb
  1592 | D:3      | Killed Ijyb
  1660 | D:3      | Noticed Terence
  1668 | D:3      | Killed Terence
  1931 | D:3      | Found a faded altar of an unknown god.
  1978 | D:3      | Identified a scroll of acquirement
  1978 | D:3      | Acquired the +0 hat of the Bells {rN++ Will- Regen+ Int+3}
  2078 | D:3      | Found an ancient bone altar of Kikubaaqudgha.
  2188 | D:4      | Reached XP level 6. HP: 56/56 MP: 5/5
  2521 | D:4      | Reached skill level 5 in Shields
  2643 | D:4      | Reached XP level 7. HP: 61/63 MP: 6/6
  2932 | D:5      | Entered Level 5 of the Dungeon
  3233 | D:5      | Reached skill level 5 in Maces & Flails
  3252 | D:5      | Reached XP level 8. HP: 23/73 MP: 2/7
  3282 | D:5      | Found an iron altar of Okawaru.
  3306 | D:5      | Became a worshipper of Warmaster Okawaru
  3425 | D:6      | Reached skill level 1 in Throwing
  3477 | D:6      | Found a white marble altar of Elyvilon.
  3523 | D:6      | Reached * piety under Okawaru
  3574 | D:6      | Found a hazy altar of Hepliaklqana.
  3959 | D:7      | Noticed Maggie
  3971 | D:7      | Killed Maggie
  3971 | D:7      | Reached ** piety under Okawaru
  3972 | D:7      | Reached XP level 9. HP: 67/83 MP: 6/8
  4074 | D:7      | Found a shimmering altar of Xom.
  4114 | D:7      | Identified the +1 long sword "Fomyes" {freeze, Str+5}
  4131 | D:7      | Found a staircase to the Ecumenical Temple.
  4153 | Temple   | Entered the Ecumenical Temple
  4585 | D:7      | Reached *** piety under Okawaru
  4647 | D:7      | Found a shimmering blue altar of Sif Muna.
  4701 | D:7      | Reached skill level 10 in Fighting
  5137 | D:8      | Found a blossoming altar of Fedhas.
  5246 | D:8      | Reached **** piety under Okawaru
  5247 | D:8      | Reached XP level 10. HP: 92/94 MP: 7/9
  5268 | D:8      | Received a gift from Okawaru
  5631 | D:8      | Found a glowing golden altar of the Shining One.
  5674 | D:8      | Noticed Pikel
  5694 | D:8      | Killed Pikel
  5906 | D:9      | Found a burning altar of Makhleb.
  5913 | D:9      | Found a broken altar of Ashenzari.
  5928 | D:9      | Reached skill level 1 in Invocations
  6081 | D:9      | Found a sacrificial altar of Ru.
  6197 | D:9      | Found a snail-covered altar of Cheibriados.
  6271 | D:10     | Entered Level 10 of the Dungeon
  6301 | D:10     | Noticed a two-headed ogre
  6308 | D:10     | Killed a two-headed ogre
  6309 | D:10     | Reached skill level 5 in Throwing
  6397 | D:10     | Reached ***** piety under Okawaru
  6404 | D:10     | Received a gift from Okawaru
  6414 | D:10     | Reached skill level 10 in Armour
  6548 | D:10     | Identified the +0 short sword of Iwoall {drain, rElec Will+
                  | Int+3}
  6977 | D:11     | Noticed Nergalle
  6982 | D:11     | Reached XP level 11. HP: 101/104 MP: 12/12
  6985 | D:11     | Noticed a spectral orc warlord
  6992 | D:11     | Killed Nergalle
  7060 | D:11     | Identified the +2 pair of gloves of Nofeboc {Will- Str+9
                  | Int+4 Stlth+} (Okawaru gifted it to you on level 11 of the
                  | Dungeon)
  7060 | D:11     | Received a gift from Okawaru
  7118 | D:11     | Noticed Amaemon
  7179 | D:11     | Killed Amaemon
  7252 | D:11     | Noticed a two-headed ogre
  7265 | D:11     | Killed a two-headed ogre
  7314 | D:11     | Reached skill level 5 in Invocations
  7464 | D:11     | Found a staircase to the Orcish Mines.
  7613 | D:11     | Found a staircase to the Lair.
  7746 | D:11     | Noticed Psyche
  7754 | D:11     | Killed Psyche
  7839 | D:12     | Noticed a two-headed ogre
  7856 | D:11     | Killed a two-headed ogre
  7931 | D:12     | Noticed a two-headed ogre
  7943 | D:11     | Reached XP level 12. HP: 80/115 MP: 6/15
  7968 | D:12     | Identified the +4 kite shield of the Turtle {rF+ rN+ SInv}
                  | (Okawaru gifted it to you on level 12 of the Dungeon)
  7968 | D:12     | Received a gift from Okawaru
  7969 | D:12     | Reached skill level 10 in Shields
  8194 | D:12     | Killed a two-headed ogre
  8462 | D:12     | Noticed a six-headed hydra
  8467 | D:12     | Killed a six-headed hydra
  8594 | D:12     | Noticed a seven-headed hydra
  8594 | D:12     | Noticed a two-headed ogre
  8635 | D:13     | Reached skill level 10 in Maces & Flails
  8678 | D:13     | Noticed Maurice
  8683 | D:13     | Killed Maurice
  8726 | D:13     | Found Heanwauh's Armour Emporium.
  9174 | D:13     | Received a gift from Okawaru
  9183 | D:13     | Reached ****** piety under Okawaru
  9358 | D:13     | Reached XP level 13. HP: 125/125 MP: 17/17
  9587 | D:12     | Identified the +4 great sword of Victory {protect, Int+6
                  | Dex+3 Stlth-} (Okawaru gifted it to you on level 12 of the
                  | Dungeon)
  9587 | D:12     | Received a gift from Okawaru
  9649 | D:12     | Reached skill level 15 in Fighting
  9955 | Lair:1   | Entered Level 1 of the Lair of Beasts
 10316 | Lair:1   | Found a gate leading to a gauntlet.
 10326 | Gauntlet | Entered a Gauntlet
 10326 | Gauntlet | Found a transporter.
 10329 | Gauntlet | Found a transporter.
 10344 | Gauntlet | Found a transporter.
 10348 | Gauntlet | Found a transporter.
 10358 | Gauntlet | Found a transporter.
 10378 | Gauntlet | Found a transporter.
 10381 | Gauntlet | Found a transporter.
 10385 | Gauntlet | Found a transporter.
 10419 | Gauntlet | Found a transporter.
 10419 | Gauntlet | Found a transporter.
 10419 | Gauntlet | Found a transporter.
 10427 | Gauntlet | Found a transporter.
 10460 | Gauntlet | Found the +8 frozen axe "Frostbite" {freezing cloud, *Noise
                  | Fly rC+}
 10569 | Gauntlet | Received a gift from Okawaru
 10587 | Gauntlet | Identified the amulet of Uruufet {RegenMP Str+4 Dex+4}
 10639 | Gauntlet | Identified the ring "Coysch" {Drain rC+++ Int+6}
 10674 | Gauntlet | Noticed a minotaur
 10682 | Gauntlet | Killed a minotaur
 10771 | Gauntlet | Identified the +0 helmet of Negligence {rC+ Dex+5}
 10771 | Gauntlet | Identified the +1 robe "Aja Kesulosi" {rF+ Will+ Str+2
                  | Int+6}
 11355 | Lair:2   | Found a hole to the Spider Nest.
 11356 | Lair:2   | Found a shimmering altar of Xom.
 11375 | Lair:2   | Received a gift from Okawaru
 11614 | Lair:2   | Received a gift from Okawaru
 11779 | Lair:2   | Found a staircase to the Swamp.
 11842 | Lair:3   | Reached XP level 14. HP: 136/136 MP: 19/19
 12211 | Lair:3   | Identified the +7 quarterstaff "Deudu" {flame, rPois}
                  | (Okawaru gifted it to you on level 3 of the Lair of Beasts)
 12211 | Lair:3   | Received a gift from Okawaru
 12228 | Lair:3   | Acquired the ring "Annav" {rF+ Will++ Int-2}
 12236 | Lair:3   | Reached skill level 15 in Shields
 12236 | Lair:3   | Reached XP level 15. HP: 143/143 MP: 20/20
 12652 | Lair:4   | Found a viscous altar of Jiyva.
 12653 | Lair:4   | Found a runed translucent door.
 12654 | Lair:4   | Noticed an azure jelly
 12656 | Lair:4   | Found a staircase to the Slime Pits.
 12722 | Lair:4   | Found a transporter.
 12740 | Lair:4   | Found a one-way gate to the infinite horrors of the Abyss.
 12740 | Lair:4   | Noticed HunfridMar's ghost (journeyman DECj)
 12839 | Lair:4   | Found a transporter.
 12906 | Lair:4   | Killed HunfridMar's ghost
 12939 | Lair:4   | Identified the +9 halberd of Descent {freeze, Fragile rF+
                  | Will+}
 13027 | Lair:4   | Identified the +10 long sword of the Horn {vorpal, rElec
                  | Str+3}
 13230 | Lair:4   | Killed an azure jelly
 13260 | Lair:5   | Entered Level 5 of the Lair of Beasts
 13299 | Lair:5   | Received a gift from Okawaru
 13395 | Lair:5   | Noticed Kirke
 13796 | Lair:4   | Killed Kirke
 13889 | Lair:5   | Found a frozen archway.
 13898 | IceCv    | Entered an ice cave
 14023 | IceCv    | Identified the +11 whip of Descent {vorpal, rPois}
 14162 | Lair:5   | Reached skill level 1 in Evocations
 14422 | Lair:5   | Received a gift from Okawaru
 14517 | Lair:5   | Received a gift from Okawaru
 14604 | Lair:5   | Reached XP level 16. HP: 140/152 MP: 22/22
 15000 | Orc:1    | Entered Level 1 of the Orcish Mines
 15024 | Orc:1    | Paralysed by an orc sorcerer for 2 turns
 15141 | Orc:1    | Found Xufitwuu's Armour Boutique.
 15211 | Orc:1    | Received a gift from Okawaru
 15365 | Orc:2    | Entered Level 2 of the Orcish Mines
 15461 | Orc:2    | Found a staircase to the Elven Halls.
 15513 | Orc:2    | Paralysed by an orc sorcerer for 3 turns
 15520 | Orc:2    | Paralysed by an orc sorcerer for 5 turns
 15535 | Orc:2    | Paralysed by an orc sorcerer for 5 turns
 15539 | Orc:2    | HP: 7/152 [orc warrior/+0 battleaxe[an orc knight] (37)]
 15807 | Orc:1    | Reached skill level 10 in Throwing
 15817 | Orc:1    | Reached skill level 15 in Armour
 15936 | Orc:2    | Found Keucw's Armour Shop.
 15940 | Orc:2    | Found Ahedagycw's Magic Scroll Boutique.
 15992 | Orc:2    | Found Firhoaf's Antique Armour Emporium.
 15995 | Orc:2    | Bought a scroll of teleportation for 42 gold pieces
 15995 | Orc:2    | Bought a scroll of teleportation for 42 gold pieces
 15995 | Orc:2    | Bought a scroll of enchant weapon for 105 gold pieces
 15995 | Orc:2    | Bought a scroll of enchant weapon for 105 gold pieces
 16000 | Orc:2    | Found Karchim's Book Shop.
 16032 | Orc:2    | Identified the +1 hat of Okawaru's Outrage {rF+ MP+9 Dex-3}
                  | (Okawaru gifted it to you on level 2 of the Orcish Mines)
 16032 | Orc:2    | Received a gift from Okawaru
 16098 | Orc:2    | Reached skill level 10 in Invocations
 16656 | D:14     | Noticed miserystealer's ghost (journeyman GnWr)
 16665 | D:14     | Found a bloodstained altar of Trog.
 16672 | D:14     | Found a transporter.
 16694 | D:14     | Found a transporter.
 16777 | D:14     | Killed miserystealer's ghost
 16795 | D:14     | Reached XP level 17. HP: 101/161 MP: 23/23
 17113 | D:14     | Found a gate to the Vaults.
 17236 | D:15     | Entered Level 15 of the Dungeon
 17239 | D:15     | Identified the -2 helmet of the Lich-sworn {rElec Str+3}
 17331 | D:15     | Found a staircase to the Depths.
 17580 | D:15     | Identified the +1 pair of gloves of the Snail {-Cast Str+5
                  | SInv} (Okawaru gifted it to you on level 15 of the Dungeon)
 17580 | D:15     | Received a gift from Okawaru
 17955 | D:15     | Got Sif Muna's Almanac of Turbulent Bedrock
 17974 | D:15     | Identified the ring of Diweomn {rF- rN+ rCorr Dex+6 SInv}
 18143 | Spider:1 | Entered Level 1 of the Spider Nest
 18208 | Spider:1 | Reached XP level 18. HP: 158/170 MP: 25/25
 18267 | Spider:1 | Noticed Frances
 18275 | Spider:1 | Killed Frances
 18703 | Spider:1 | Noticed Azrael
 18709 | Spider:1 | Killed Azrael
 18932 | Spider:4 | Entered Level 4 of the Spider Nest
 19112 | Spider:4 | Identified the +6 war axe "Byelayth" {freeze, rN+} (Okawaru
                  | gifted it to you on level 4 of the Spider Nest)
 19112 | Spider:4 | Received a gift from Okawaru
 19507 | Spider:4 | Acquired 740 gold pieces
 19610 | Spider:4 | Reached skill level 15 in Maces & Flails
 19630 | Spider:4 | Received a gift from Okawaru
 19637 | Spider:4 | Reached skill level 1 in Dodging
 19665 | Spider:4 | Identified the +0 pair of gloves of Rotation {rElec rCorr
                  | Str+3}
 19681 | Spider:4 | Got a gossamer rune of Zot
 20090 | Swamp:1  | Entered Level 1 of the Swamp
 20264 | Swamp:3  | Acquired a ring of the Octopus King {rC+ HP+2 AC+2 EV+2
                  | SH+2}
 20264 | Swamp:3  | Found the ring of the Octopus King {rC+ HP+2 AC+2 EV+2
                  | SH+2}
 20286 | Swamp:3  | Identified the +9 broad axe of Patsuf {protect, Fragile
                  | rElec Stlth+}
 20298 | Swamp:3  | Identified the +2 pair of gloves "Wetips" {Rampage}
 20383 | Swamp:3  | Received a gift from Okawaru
 20528 | Swamp:3  | Received a gift from Okawaru
 20535 | Swamp:3  | Reached XP level 19. HP: 143/164 MP: 26/26
 20574 | Swamp:4  | Entered Level 4 of the Swamp
 20597 | Swamp:4  | Reached skill level 5 in Dodging
 20943 | Swamp:4  | Got a decaying rune of Zot
 21151 | Swamp:2  | Found a runed translucent door.
 21153 | Swamp:2  | Noticed Godmorgon's ghost (adept FoAK)
 21244 | Swamp:2  | Killed Godmorgon's ghost
 21511 | Swamp:1  | Paralysed by a fenstrider witch for 5 turns
 21785 | Slime:1  | Entered Level 1 of the Pits of Slime
 21826 | Slime:2  | Noticed Dissolution
 21831 | Slime:2  | Gained mutation: You are dopey. (Int -2) [a shining eye]
 21832 | Slime:2  | Gained mutation: You are very dopey. (Int -4) [a shining
                  | eye]
 21844 | Slime:1  | Paralysed by a floating eye for 4 turns
 21849 | Slime:1  | Gained mutation: Armour fits poorly on your strangely
                  | shaped body. [a shining eye]
 21850 | Slime:1  | Gained mutation: You occasionally lose the ability to read
                  | scrolls when taking damage. [a shining eye]
 21979 | Slime:1  | Paralysed by a floating eye for 3 turns
 21989 | Slime:1  | Paralysed by a floating eye for 4 turns
 21990 | Slime:1  | HP: 9/184 [Dissolution (7)]
 21996 | Slime:2  | HP: 6/184 [acid blob/splash of acid (8)]
 22001 | Slime:3  | Slain by a rockslime

Illustrated notes

Levels and vault maps discovered:
D:1:      denvon_arrival_waterhouse, layout_basic, corexii_leaking_fountain
D:2:      layout_loops_ring
D:3:      layout_loops_corners, mainiacjoe_overflow_swirl,
          hellmonk_ecumenical_altar_leap_of_faith,
          hangedman_decor_diamond_cutter, nicolae_kite_square_tiling_tiny,
          uniq_terence, uniq_ijyb
D:4:      layout_gridville, minmay_stone_trees_small, corexii_corridor_pit
D:5:      layout_cave_pools, okawaru_metal_pillars_1_2,
          hangedman_decor_peaks_small
D:6:      layout_cave_pools, marbit_many_paths, mainiacjoe_overflow_boulevard
D:7:      layout_basic, mainiacjoe_overflow_surrounded_room,
          xom_confusion_cloud, minmay_temple_entry_butterflies, uniq_maggie
D:8:      layout_rooms, tso_metal_star, fedhas_altar_1, serial_co_window_serial,
          co_window_of_opportunity_a, co_window_of_opportunity_a,
          co_window_of_opportunity_a, co_window_corner_a, co_window_paths_a,
          co_window_paths_a, co_window_paths_a, co_window_broadway_a,
          co_window_broadway_a, co_window_unsneaky_path_a, co_window_corner_b,
          co_window_unsneaky_path_a, co_window_corner_b, glass_columns_a,
          glass_columns_a, glass_columns_c, glass_columns_a, uniq_pikel
D:9:      layout_cave_pools, general_overflow_altar, lemuel_round_altar,
          mainiacjoe_overflow_small_starburst, cheibriados_altar_1
D:10:     layout_long_grid
D:11:     layout_loops_ring, minmay_lair_entry_grove, orc_0_dummy,
          kb_lookout_dungeons_type, uniq_amaemon, uniq_psyche, uniq_nergalle
D:12:     minmay_the_grid_square_5x5_4x4 [minmay_the_grid_square_5x5_spiral,
          minmay_the_grid_square_5x5_meh,
          minmay_the_grid_square_5x5_doubleslash,
          minmay_the_grid_square_5x5_lines,
          minmay_the_grid_square_5x5_hourglass,
          minmay_the_grid_square_5x5_prize_junk,
          minmay_the_grid_square_5x5_prize_rear_guard,
          minmay_the_grid_square_5x5_v,
          minmay_the_grid_square_5x5_checkered_sparse,
          minmay_the_grid_square_5x5_prize_deathbox,
          minmay_the_grid_square_5x5_prize_gold,
          minmay_the_grid_square_5x5_almost_minimal,
          minmay_the_grid_square_5x5_two_small,
          minmay_the_grid_square_5x5_beaten_path, minmay_the_grid_square_5x5_c,
          minmay_the_grid_square_5x5_empty], layout_irregular_city
D:13:     layout_roguey, serial_shops, shop, uniq_maurice
D:14:     minmay_general_purpose_star, layout_irregular_city, david_vaults_2,
          gammafunk_ghost_wrathful_warriors, hangedman_decor_slide_cut
D:15:     gammafunk_depths_entry_grave, layout_basic,
          chequers_serial_rivers_small_a, minmay_lindwurm_lava
Temple:   hellmonk_temple_beads
Lair:1:   layout_cave_pods, gauntlet_entry_generic, cheibrodos_lair_lostbears
Lair:2:   layout_chaotic_city, minmay_swamp_entry_wisps, spider_nest_entry_webs,
          basic_altar, nicolae_lair_run_with_the_wolves, grunt_megastairs_1
Lair:3:   layout_layer_cave, infiniplex_staircase_pool
Lair:4:   layout_loops_ring, slime_entry_2, gammafunk_ghost_abyssal_escape,
          minmay_lair_oklob_items
Lair:5:   evilmike_catoblepas_cave, layout_hall_layers,
          portal_ice_cave_entry_pillars_1, grunt_megastairs_4, uniq_kirke
Swamp:1:  layout_basic_swamp, evilmike_swamp_ruin_house_4, swamp_pool2
Swamp:2:  layout_basic_swamp, ebering_ghost_inner_flame,
          evilmike_swamp_ruin_house_6, swamp_pool1, nicolae_swamp_bunyip_nook,
          infiniplex_staircase_pool_2
Swamp:3:  layout_basic_swamp, evilmike_swamp_ruin_house_3, swamp_pool1,
          nicolae_swamp_orc_logging_accident, nicolae_swamp_no_escape
Swamp:4:  swamp_icy, layout_basic_swamp, swamp_pool3, nicolae_swamp_some_circles
Spider:1: layout_chambers, ebering_ghost_rock_garden, worms_lemuel, uniq_azrael,
          uniq_frances
Spider:2: gammafunk_boulding_lane, nicolae_spider_spiderdrome, uniq_mlioglotl,
          uniq_donald
Spider:3: layout_spider_delve, nicolae_spider_cling_ruins,
          hangedman_spider_tarantella_strand, uniq_asterion
Spider:4: hellmonk_spider_rune_endless_swarm
Slime:1:  layout_caves
Slime:2:  cheibrodos_slime_lost_civilization_1, layout_caves, uniq_dissolution
Slime:3:  layout_caves
Orc:1:    layout_caves, serial_shops, shop
Orc:2:    st_orc_open, layout_caves

Skill      XL: |  1  2  3  4  5  6  7  8  9 10 11 12 13 14 15 16 17 18 19 |
---------------+----------------------------------------------------------+-----
Fighting       | 4 5 6 7 9 10 12 13 14 15 16 17 18 19 | 19.1
Armour         | 4 5 6 7 8 9 10 11 12 14 15 16 18 19 | 19.1
Shields        | 4 5 6 7 9 11 13 15 16 17 18 | 18.7
Maces & Flails | 3 4 5 6 7 8 9 10 11 12 13 14 15 17 | 17.0
Throwing       | 2 4 5 6 7 8 9 10 11 | 11.0
Invocations    | 3 6 7 8 9 10 | 10.9
Evocations     | 2 3 |  3.0
Dodging        | 4 5 |  5.0

Action                   |  1- 3 |  4- 6 |  7- 9 | 10-12 | 13-15 | 16-18 | 19-21 || total
-------------------------+-------+-------+-------+-------+-------+-------+-------++-------
Melee: Flail             |   102 |   167 |   252 |   154 |       |       |       ||   675
       Headbutt          |    12 |    20 |    54 |   101 |   224 |   300 |    97 ||   808
       Morningstar       |       |       |       |   367 |   809 |  1193 |   322 ||  2691
       Unarmed           |       |       |       |       |    33 |       |       ||    33
Throw: Javelin           |       |       |       |     4 |     2 |    28 |       ||    34
       Dart              |       |       |       |     3 |       |       |       ||     3
       Throwing net      |       |       |       |     1 |       |       |       ||     1
       Boomerang         |       |       |       |    45 |    35 |   128 |       ||   208
Invok: Heroism           |       |       |     1 |     2 |     1 |     6 |     1 ||    11
       Finesse           |       |       |       |     1 |     1 |     6 |     2 ||    10
Evoke: Wand              |       |       |       |     1 |       |       |       ||     1
       Tin of tremorston |       |       |       |       |     2 |     3 |     2 ||     7
  Use: Scroll            |     3 |     3 |     5 |    15 |    11 |     9 |     2 ||    48
       Potion            |       |     2 |     1 |     2 |     5 |     6 |     4 ||    20
 Stab: Paralysed         |       |       |       |     2 |       |       |       ||     2
Armor: Scale mail        |    15 |       |       |       |       |       |       ||    15
       Plate armour      |    29 |    94 |   166 |   336 |   440 |   921 |   168 ||  2154
       Skin              |       |    39 |       |    25 |       |       |       ||    64
Dodge: Dodged            |    45 |    59 |    85 |   216 |   190 |   409 |    90 ||  1094
Block: Buckler           |    22 |    36 |    69 |   121 |       |       |       ||   248
       Kite shield       |       |       |       |    89 |   624 |  1257 |   227 ||  2197
